Map: 国王藏宝地-天梯版

Players

Demi - Winner!

  • Race: Zerg Zerg
  • League: Diamond

Crimson

  • Race: Zerg Zerg
  • League: Master

Event: WESG 2018 Grand Finals

VOD

Have the link to the VOD?

Description

Time

  • Played on: March 11, 2019, 1:13 a.m.
  • Length: 11:01

All games in this series

Show
View Real Time Build Order
Export as new Build Order

Demi Zerg - Winner!

Build Orders: Pool First 

Get SALT Encoding   

  12  0:00  Drone  
  13  0:13  Overlord  
  13  0:18  Drone  
  14  0:31  Drone x2  
  16  0:36  Drone  
  17  0:45  Extractor  
  17  0:46  Drone  
  17  0:50  Spawning Pool  
  17  0:56  Drone  
  17  1:15  Hatchery  
  16  1:19  Drone  
  17  1:37  Zergling x4  
  17  1:39  Zergling x2  
  20  1:45  Metabolic Boost  
  20  1:50  Queen  
  22  1:56  Overlord  
  22  2:16  Zergling x4  
  24  2:24  Zergling x2  
  24  2:27  Queen  
  24  2:29  Zergling x2  
  28  2:35  Zergling x2  
  29  2:44  Zergling x4  
  31  2:53  Zergling x2  
  32  2:59  Zergling x8  
  32  3:03  Overlord  
  36  3:18  Zergling x4  
  36  3:21  Drone  
  36  3:22  Drone  
  37  3:33  Drone  
  37  3:34  Drone x3  
  39  3:39  Drone x2  
  39  3:40  Drone x2  
  42  3:48  Baneling Nest, Drone x2  
  39  4:03  Zergling x4  
  39  4:08  Overlord  
  35  4:10  Zergling x6  
  35  4:16  Zergling x6  
  41  4:21  Overlord  
  41  4:23  Zergling x2  
  41  4:31  Baneling  
  41  4:32  Baneling  
  41  4:33  Baneling x2  
  41  4:42  Queen x2  
  41  4:43  Zergling x4  
  41  4:44  Zergling x4  
  48  4:55  Drone  
  48  4:56  Drone x4  
  52  5:02  Overlord  
  52  5:10  Drone x2  
  52  5:11  Drone  
  55  5:15  Roach Warren  
  55  5:16  Evolution Chamber  
  55  5:17  Drone  
  54  5:26  Drone  
  54  5:27  Evolution Chamber  
  54  5:32  Drone x2  
  55  5:36  Lair  
  55  5:37  Extractor  
  55  5:40  Drone  
  55  5:44  Zerg Missile Weapons Level 1  
  55  5:48  Drone x2  
  55  5:49  Drone x2  
  60  5:55  Extractor  
  60  5:56  Baneling x2  
  59  6:01  Overlord  
  59  6:04  Drone  
  60  6:09  Roach x2  
  64  6:19  Overlord  
  64  6:20  Overlord  
  64  6:21  Drone x3  
  67  6:25  Hatchery  
  67  6:27  Overlord  
  67  6:31  Roach  
  68  6:43  Roach x6  
  68  6:45  Glial Reconstitution  
  80  6:59  Overlord x2  
  80  7:04  Roach x2  
  84  7:11  Roach  
  84  7:12  Roach x3  
  89  7:25  Roach x4  
  89  7:26  Roach x2  
  101  7:39  Roach x3  
  101  7:44  Overlord x2, Extractor  
  107  7:48  Drone  
  107  7:49  Drone x4  
  111  7:54  Drone x2  
  111  7:56  Zerg Missile Weapons Level 2  
  113  8:01  Overlord  
  113  8:04  Drone x2  
  115  8:09  Drone x3  
  118  8:19  Roach  
  119  8:20  Roach x4  
  116  8:31  Tunneling Claws, Burrow  
  107  8:35  Roach x4  
  109  8:43  Extractor  
  109  8:48  Roach x6  
  112  8:57  Roach  
  112  8:58  Roach x3  
  112  9:01  Overseer  
  118  9:06  Drone  
  118  9:07  Drone x4  
  123  9:15  Roach  
  123  9:16  Roach x6  
  137  9:22  Overlord  
  137  9:23  Overlord  
  137  9:26  Roach  
  137  9:27  Roach  
  141  9:36  Roach x2  
  141  9:38  Overlord x3  
  145  10:03  Roach x9  
  163  10:12  Overlord x2, Extractor  
  163  10:13  Roach x15  
  162  10:16  Roach  
  162  10:17  Roach x4  
  162  10:19  Hatchery  
  171  10:23  Overlord  
  171  10:26  Spire  
  170  10:35  Roach x7  
  170  10:38  Roach x5  
  170  10:42  Roach  
Show
View Real Time Build Order
Export as new Build Order

Crimson Zerg 

Build Orders: Hatch First 

Get SALT Encoding   

  12  0:00  Drone  
  13  0:12  Overlord  
  13  0:18  Drone  
  14  0:31  Drone  
  14  0:32  Drone  
  16  0:51  Hatchery  
  16  0:54  Drone  
  16  0:58  Drone  
  16  1:01  Drone  
  18  1:12  Extractor  
  18  1:17  Spawning Pool  
  16  1:21  Drone  
  16  1:24  Drone  
  18  1:31  Drone  
  19  1:39  Drone  
  20  1:49  Drone  
  21  2:00  Overlord  
  21  2:03  Drone  
  21  2:04  Queen x2  
  26  2:12  Metabolic Boost  
  26  2:18  Zergling x4  
  29  2:22  Drone  
  29  2:24  Drone  
  30  2:34  Overlord  
  30  2:52  Zergling x2  
  30  2:53  Baneling Nest  
  30  2:54  Zergling x2  
  31  3:00  Zergling x2  
  31  3:02  Hatchery  
  31  3:06  Overlord  
  31  3:07  Zergling x2  
  31  3:08  Zergling x2  
  33  3:14  Zergling x2  
  33  3:19  Queen  
  34  3:28  Zergling x6  
  34  3:34  Zergling x4  
  36  3:37  Zergling x2  
  36  3:39  Zergling x2  
  34  3:41  Zergling x4  
  34  3:42  Queen  
  34  3:44  Zergling x2  
  33  3:51  Zergling x2  
  32  3:58  Zergling x2  
  30  4:03  Zergling x2  
  30  4:06  Drone  
  29  4:18  Drone x2  
  29  4:22  Drone  
  32  4:25  Baneling x3  
  32  4:27  Baneling  
  32  4:30  Drone  
  33  4:36  Drone  
  33  4:43  Drone x2  
  35  4:51  Drone x3  
  37  4:55  Drone  
  36  5:03  Drone x3  
  39  5:07  Zergling x2  
  39  5:09  Zergling x2  
  39  5:11  Zergling x2  
  39  5:12  Baneling  
  39  5:13  Baneling  
  41  5:14  Baneling  
  41  5:15  Baneling  
  41  5:19  Baneling  
  41  5:21  Drone  
  41  5:24  Drone  
  41  5:25  Drone  
  44  5:30  Drone x2  
  44  5:33  Drone x2  
  48  5:38  Drone x2  
  50  5:45  Zergling x2  
  50  5:48  Overlord x2  
  51  6:02  Extractor  
  51  6:03  Hatchery, Extractor  
  47  6:06  Overlord  
  47  6:11  Lair  
  47  6:16  Drone x2  
  47  6:17  Drone x2  
  50  6:18  Evolution Chamber  
  50  6:19  Drone  
  50  6:21  Overlord  
  50  6:25  Drone x2  
  52  6:34  Drone x2  
  54  6:40  Drone  
  54  6:42  Roach Warren  
  54  6:46  Zerg Missile Weapons Level 1  
  55  6:47  Drone x2  
  56  6:55  Overlord  
  56  6:57  Drone x4  
  57  7:23  Glial Reconstitution  
  57  7:25  Roach  
  57  7:26  Roach x7  
  57  7:29  Overseer  
  73  7:30  Overlord  
  73  7:31  Overlord  
  73  7:34  Roach  
  75  7:37  Roach x2  
  75  7:38  Roach  
  75  7:41  Queen  
  83  7:48  Overlord  
  83  7:49  Roach x2  
  83  7:50  Roach  
  89  7:52  Roach  
  89  7:54  Roach  
  89  7:56  Roach  
  94  7:59  Roach  
  94  8:04  Roach x3  
  102  8:08  Roach  
  104  8:14  Roach x3  
  104  8:16  Roach  
  108  8:26  Roach  
  108  8:27  Roach  
  93  8:29  Roach x3  
  93  8:33  Roach  
  83  8:40  Roach x2  
  70  8:48  Roach  
  66  8:51  Roach  
  66  8:55  Roach  
  62  8:57  Roach  
  62  9:00  Roach  
  65  9:04  Drone  
  67  9:10  Drone x2  
  67  9:11  Drone  
  67  9:13  Drone  
  67  9:16  Drone  
  70  9:22  Roach x2  
  74  9:25  Roach  
  74  9:28  Roach  
  74  9:30  Ravager  
  79  9:32  Roach  
  79  9:36  Roach  
  83  9:41  Roach  
  85  9:50  Queen x2  
  89  9:55  Roach x3  
  89  9:58  Roach  
  97  10:01  Roach  
  97  10:02  Roach  
  101  10:07  Overseer  
  101  10:11  Roach  
  103  10:14  Roach  
  103  10:20  Roach  
  107  10:24  Roach  
  107  10:27  Roach  
  111  10:32  Roach x2  
  111  10:35  Roach  
  111  10:40  Roach  
Tags
 
Add a new tag
Caveats
  • Supply blocks, unpowered buildings, or Contaminate may cause inaccurate times.
  • Supply counts are checked every 10 seconds.